[Event "Early-Titled-Tuesday-Blitz-April-16-2024"]
[Site "Chess.com"]
[Date "2024.04.16"]
[Round "7"]
[White "Caradhrast"]
[Black "MITerryble"]
[Result "0-1"]
[WhiteElo "2666"]
[BlackElo "3051"]
[TimeControl "180+1"]
[EndTime "9:22:09 PDT"]
[Termination "MITerryble won by checkmate"]

1. e4 e6 2. d4 d5 3. Nd2 Be7 4. Bd3 c5 5. dxc5 Nf6 6. Qe2 O-O 7. Ngf3 a5 8. O-O Na6 9. e5 Nd7 10. c4 Ndxc5 11. Bb1 Nb4 12. Rd1 b6 13. a3 Nc6 14.
cxd5 exd5 15. Qe3 Be6 16. Nd4 Nxd4 17. Qxd4 Rc8 18. Nf3 Re8 19. b4 Ne4 20. Be3 Nc3 21. Rd2 Rc4 22. Qd3 Nxb1 23. Rxb1 axb4 24. axb4 Rxb4 25.
Rdb2 Rxb2 26. Rxb2 Bc5 27. h3 h6 28. Bd4 Qa8 29. Qb5 Rc8 30. Kh2 Qa3 31. Qe2 Qa4 32.
Qd3 Qc4 33. Qd2 Bf5 34. Bxc5 bxc5 35. Rb7 d4 36. Qf4 Be6 37. Nd2 Qd5 38. Ra7 c4 39.
Ne4 c3 40. Nd6 Rf8 41. Ra4 c2 42. Qd2 d3 43. Nc4 Rc8 44. Nb6 Qxe5+ 45. f4 Qc3 46. Qe3 c1=Q 47. Qxc1 Qxc1 48. Nxc8 Bxc8 49. Rd4 d2 50.
Rd8+ Kh7 51. Rd3 Bf5 52. Rf3 d1=Q 53. Kg3 Qe1+ 54. Kh2 Be4 55. Rb3 Qxf4+ 56. Rg3 Qfxg3# 0-1

[Event "Early-Titled-Tuesday-Blitz-April-16-2024"]
[Site "Chess.com"]
[Date "2024.04.16"]
[Round "7"]
[White "familijatop71"]
[Black "Jojo_898"]
[Result "1/2-1/2"]
[WhiteElo "2321"]
[BlackElo "2449"]
[TimeControl "180+1"]
[EndTime "9:22:09 PDT"]
[Termination "Game drawn by repetition"]

1. e4 d6 2. d4 Nf6 3. Nc3 g6 4.
f4 c6 5. a4 Bg7 6. Nf3 O-O 7. e5 dxe5 8. fxe5 Nd5 9. Bc4 Be6 10.
Qe2 Nd7 11. a5 Re8 12. O-O f6 13. Nxd5 cxd5 14. Bd3 Qc7 15. c3 fxe5 16. Nxe5 Nxe5 17. Bf4 Bg4 18. Qxg4 Nxg4 19. Bxc7 e5 20. dxe5 Bxe5 21. Bxe5 Nxe5 22. Bc2 Nc4 23. b3 Ne3 24. Rf2 Nxc2 25. Rxc2 Rac8 26. a6 b6 27. Rd1 Re5 28. c4 Kf7 29.
Rf2+ Ke7 30. cxd5 Rd8 31. Rfd2 Rd6 32. Kf2 Kd7 33. g3 Rf6+ 34. Kg2 Re3 35. d6 Rxb3 36. Rf2 Rxf2+ 37. Kxf2 Rb2+ 38. Kf3 Rxh2 39. Kg4 Ra2 40. Kg5 Rxa6 41. Kh6 Ra3 42. g4 Rh3+ 43. Kg5 a5 44.
Rb1 Kxd6 45. Rxb6+ Kc5 46. Ra6 Kb5 47. Ra7 Ka4 48. Kf6 Kb4 49. g5 a4 50. Kg7 Ka3 51.
Kh8 Kb2 52. Rb7+ Ka2 53. Rxh7 Rg3 54. Ra7 a3 55. Ra5 Kb2 56. Kh7 a2 57. Kxg6 Ra3 58. Rb5+ Kc2 59. Rc5+ Kb2 60. Rb5+ Kc3 61. Rc5+ Kb2 62.
Rb5+ 1/2-1/2

[Event "Early-Titled-Tuesday-Blitz-April-16-2024"]
[Site "Chess.com"]
[Date "2024.04.16"]
[Round "7"]
[White "lamomiajunior"]
[Black "FARIZA2018"]
[Result "0-1"]
[WhiteElo "2732"]
[BlackElo "2565"]
[TimeControl "180+1"]
[EndTime "9:22:10 PDT"]
[Termination "FARIZA2018 won by resignation"]

1. d4 Nf6 2. c4 e6 3. Nc3 d5 4.
cxd5 exd5 5. Bg5 Be7 6. e3 h6 7.
Bh4 O-O 8. Bd3 c6 9. Qc2 Re8 10. Nge2 a5 11. O-O Na6 12. a3 Nc7 13. Rae1 Ne6 14.
f3 b5 15. Bf2 Ba6 16. Nb1 c5 17. Bf5 cxd4 18. exd4 Rc8 19. Qd2 Bd6 20. Bg3 b4 21.
axb4 axb4 22. Bd3 Bxd3 23. Qxd3 Bxg3 24. hxg3 Qd6 25. Nd2 Nh5 26. Kf2 Re7 27. f4 Nf6 28.
Nf3 Ng4+ 29. Kg1 f6 30. Nc1 h5 31. Qg6 Nf8 32. Qxh5 Ne3 33. Rf2 Rc2 34. Rxc2 Nxc2 35. Rxe7 Qxe7 36. Qxd5+ Kh8 37. Kh2 Ne3 38. Qh5+ Kg8 39.
Nd3 Nf1+ 40. Kh3 Qe4 41. Nc5 Qe2 42. Qd5+ Kh8 43. Qh5+ Kg8 44. Qg4 Qf2 45. Nh2 Ne3 46.
Qf3 Qg1 47. d5 f5 48. d6 Kf7 49. d7 Ke7 50. Nd3 Nxd7 51. Nxb4 Nf6 52. Qxe3+ Qxe3 53. Nc6+ Kd6 54. Ne5 Ne4 55. Nhf3 Qf2 56. Nc4+ Kc5 0-1

[Event "Early-Titled-Tuesday-Blitz-April-16-2024"]
[Site "Chess.com"]
[Date "2024.04.16"]
[Round "7"]
[White "DanylaBagrov"]
[Black "arenal72"]
[Result "0-1"]
[WhiteElo "2483"]
[BlackElo "2628"]
[TimeControl "180+1"]
[EndTime "9:22:10 PDT"]
[Termination "arenal72 won on time"]

1. e4 e6 2. d4 d5 3. e5 c5 4. c3 Qb6 5. Nf3 Nc6 6. a3 Nh6 7. b4 cxd4 8. cxd4 Nf5 9. Bb2 Bd7 10. Nc3 Na5 11. Na4 Qc6 12. Nc5 Nc4 13. Bc3 b6 14.
Nd3 Be7 15. Qc1 O-O 16. Be2 Rac8 17. O-O Nce3 18. fxe3 Qxc3 19. Qxc3 Rxc3 20. Rfc1 Rfc8 21. Kf2 Bb5 22. Rxc3 Rxc3 23. Rc1 Rxa3 24. g4 Nh6 25. Nfe1 Bxd3 26. Nxd3 Nxg4+ 27. Bxg4 Rxd3 28. Rc7 Bxb4 29. Rxa7 g6 30. Be2 Rb3 31. Bb5 Bd2 32. Be8 Bxe3+ 33. Ke2 Bxd4 34. Bxf7+ Kh8 35. Bxe6 Re3+ 36.
Kd2 Rxe5 37. Bf7 Bc5 38. Rd7 d4 39. h3 Re3 40. h4 Bb4+ 41. Kd1 d3 42. Kc1 d2+ 43.
Kb2 Re7 44. Rd8+ Kg7 45. Bb3 Re4 46. h5 gxh5 47. Rd7+ Re7 48. Rd4 Bc5 49. Rxd2 h4 50. Rd5 h3 51. Rh5 Re3 52. Bc2 h6 53. Bf5 Re2+ 54.
Kc3 h2 55. Bg4 Rg2 56. Be6 Bg1 57. Kc4 Rg5 58. Rh4 h5 59. Kd3 Kf6 60. Bc8 b5 61.
Ke2 b4 62. Bb7 Rb5 63. Be4 b3 64. Bd3 b2 65. Bb1 Kg5 0-1

[Event "Early-Titled-Tuesday-Blitz-April-16-2024"]
[Site "Chess.com"]
[Date "2024.04.16"]
[Round "7"]
[White "kachsona"]
[Black "Kirill_Klukin"]
[Result "0-1"]
[WhiteElo "2617"]
[BlackElo "2828"]
[TimeControl "180+1"]
[EndTime "9:22:11 PDT"]
[Termination "Kirill_Klukin won on time"]

1. e4 c5 2. Nf3 Nc6 3. Bb5 g6 4. O-O Bg7 5. c3 Nf6 6. Re1 O-O 7. d4 d5 8. e5 Ne4 9. Bxc6 bxc6 10. Be3 cxd4 11.
cxd4 Qb6 12. Qc2 Bf5 13. Nh4 Nd6 14. Qe2 Nc4 15. Nxf5 gxf5 16. b3 Nxe3 17. fxe3 c5 18. Qd3 e6 19. Nd2 cxd4 20. exd4 Rfc8 21. Kf1 Rc6 22. Rec1 Rac8 23. Rxc6 Rxc6 24. a3 Qc7 25. Re1 Rc3 26. Qb5 Bh6 27. Nf3 Rc2 28. h4 Qc3 29. Qe8+ Kg7 30. Qe7 Qd3+ 31. Kg1 Be3+ 32. Kh1 Rc8 33.
h5 h6 34. Qxa7 Bf2 35. Ra1 Qxb3 36. Qe7 Be3 37. Qf6+ Kg8 38. Qh4 Qc3 39. Qg3+ Kh7 40. Qe1 Qd3 41. a4 Rg8 42. a5 Qc2 43. Qf1 Qb2 44.
a6 Bxd4 45. Rb1 Qc3 46. Rc1 Qe3 47. Re1 Qf2 48. Qxf2 Bxf2 49. Re2 Bg3 50. Ra2 Ra8 51.
a7 Kg7 52. Nd4 Bxe5 53. Nb5 Kf8 54. Ra6 Ke7 55. Rb6 Kd7 56. Rb7+ Kc6 0-1

[Event "Early-Titled-Tuesday-Blitz-April-16-2024"]
[Site "Chess.com"]
[Date "2024.04.16"]
[Round "7"]
[White "UK_23"]
[Black "viktorskliarov"]
[Result "1/2-1/2"]
[WhiteElo "2486"]
[BlackElo "2613"]
[TimeControl "180+1"]
[EndTime "9:22:14 PDT"]
[Termination "Game drawn - insufficient material"]

1. e4 c5 2. Nf3 Nc6 3. Bb5 e6 4. Bxc6 bxc6 5. d3 Ne7 6. h4 h5 7. e5 Ng6 8. g3 f6 9. Qe2 Nxe5 10.
Nxe5 fxe5 11. Qxe5 Qf6 12. Qe2 d6 13. Nc3 e5 14.
Bg5 Qe6 15. O-O-O Be7 16. Bxe7 Qxe7 17. Rde1 Rh6 18. f4 Bg4 19. Qe4 d5 20. Qa4 Qd6 21.
Rxe5+ Kf8 22. Rhe1 Re6 23. Rxe6 Bxe6 24. Re5 Bf7 25.
Qa3 g6 26. d4 Kg7 27. Qxc5 Qf6 28. Nd1 a5 29. Ne3 a4 30. a3 Rb8 31. Qe7 Rb5 32. Qxf6+ Kxf6 33. c3 Be6 34. Kc2 Rb6 35. Nd1 Rb8 36.
Re3 Bf5+ 37. Kc1 Be4 38. Nf2 Kf5 39. Nxe4 dxe4 40. Kc2 Rb3 41. Re2 Rb8 42. Kc1 Rb3 43.
Kd1 Rb7 44. Ke1 Rb3 45. Kf2 Rb7 46. Ke3 Rb3 47. Rc2 Rb7 48. c4 Rb3+ 49. Rc3 Rxb2 50. d5 cxd5 51. cxd5 Rd2 52. Rc5 Rd3+ 53. Ke2 Kg4 54.
Rc6 Kxg3 55. Rxg6+ Kxf4 56. d6 Rxa3 57. Rg5 Ra2+ 58.
Ke1 Ke3 59. Rg3+ Kf4 60. Rg5 Ra3 61. Rxh5 Rd3 62. Ra5 a3 63. Ke2 Rxd6 64. Rxa3 Rh6 65. Rh3 Kg4 66. Re3 Rxh4 67. Rxe4+ Kg5 68. Rxh4 Kxh4 1/2-1/2

[Event "Early-Titled-Tuesday-Blitz-April-16-2024"]
[Site "Chess.com"]
[Date "2024.04.16"]
[Round "7"]
[White "SpongeBob_03"]
[Black "MathiasWomacka"]
[Result "1-0"]
[WhiteElo "2252"]
[BlackElo "2469"]
[TimeControl "180+1"]
[EndTime "9:22:15 PDT"]
[Termination "SpongeBob_03 won on time"]

1. e4 c5 2. Nf3 d6 3. Bb5+ Nd7 4. O-O a6 5. Bxd7+ Bxd7 6. c3 Nf6 7. Re1 Bc6 8. Qc2 Rc8 9. d3 g6 10. Bg5 Bg7 11.
Nbd2 h6 12. Bh4 O-O 13. e5 dxe5 14. Nxe5 Re8 15. Nxc6 Rxc6 16. Nc4 Qd5 17. Re5 Qd7 18. Rae1 b5 19. Nd2 e6 20. Nf3 Nh5 21. Rxh5 gxh5 22.
Ne5 Bxe5 23. Rxe5 f5 24. Qe2 Rd6 25. Qxh5 Qf7 26. Qf3 Rd5 27. Re3 Kh7 28. h3 Rg8 29. Bg3 Qd7 30. Kh2 b4 31. c4 Rd4 32. Be5 f4 33.
Bxd4 fxe3 34. Qe4+ Rg6 35. Bxe3 Qf7 36. Bxc5 Qf5 37.
Qxf5 exf5 38. Bxb4 Re6 39. d4 Re2 40. Bc3 Rxf2 41. d5 Kg6 42. c5 Kf7 43. d6 Ke6 44.
Kg3 Rc2 45. Kf4 Rxg2 46. a3 Rc2 47. Bb4 Rxb2 48. c6 Rc2 49. d7 Rc4+ 50. Ke3 Re4+ 51.
Kd3 Re5 52. Kc3 Rd5 53. Kc4 Rd1 54. Kb3 f4 55. Ba5 f3 56. Bb6 Rd6 57. c7 1-0

[Event "Early-Titled-Tuesday-Blitz-April-16-2024"]
[Site "Chess.com"]
[Date "2024.04.16"]
[Round "7"]
[White "teresin05"]
[Black "sorch29"]
[Result "1/2-1/2"]
[WhiteElo "2327"]
[BlackElo "2451"]
[TimeControl "180+1"]
[EndTime "9:22:15 PDT"]
[Termination "Game drawn by repetition"]

1. e4 c5 2. Nf3 Nc6 3. d4 cxd4 4. Nxd4 g6 5. c4 Bg7 6. Be3 Nf6 7. Nc3 O-O 8. Be2 d6 9. O-O Bd7 10. Qd2 Nxd4 11.
Bxd4 Bc6 12. f3 a5 13. Rac1 Nd7 14. Be3 Nc5 15. b3 Be5 16. Rfd1 e6 17. Nb5 Bxb5 18. cxb5 Qe7 19. f4 Bg7 20. Bf3 Rfd8 21. Qf2 b6 22. e5 Rac8 23. exd6 Rxd6 24. Bc6 Rxd1+ 25. Rxd1 Rd8 26. Rd2 Bc3 27. Rxd8+ Qxd8 28. h3 Qd1+ 29. Kh2 Be1 30. Qf3 Qxf3 31. Bxf3 Bb4 32. Kg3 Kf8 33.
Bc6 Ke7 34. Kf3 Kd6 35. Bd4 a4 36. Bxc5+ Kxc5 37. bxa4 Bc3 38. Ke4 Kb4 39. g4 f5+ 40.
gxf5 gxf5+ 41. Kd3 Bb2 42. Bd7 Bc1 43. Bxe6 Bxf4 44.
Bxf5 h6 45. Ke4 Bc1 46. Bd7 Kxa4 47. Kd5 Ka3 48. Kc6 Be3 49. Be6 Kb4 50. Bb3 Ka5 51. a4 Kb4 52. Bd1 Ka5 53. Kd5 Bg1 54. Kc4 Bc5 55.
Kd3 Kb4 56. Ke4 Bf2 57. Kf5 Be1 58. Kg6 Bd2 59. Kh5 Kc5 60. Kg6 Kd6 61. h4 Ke5 62.
Kh5 Kd6 63. Kg6 Be1 64. Bf3 Bxh4 65. Bd1 Bg5 66. Kh5 Bd2 67. Bf3 Kc5 68. Bc6 Kb4 69. Kg6 Kxa4 70. Kh5 Kb4 71. Kg6 Kc5 72. Kh5 Kd4 73.
Kg6 Ke5 74. Kh5 Kf6 75. Be8 Bg5 76. Bc6 Ke7 77. Bd5 Be3 78. Bc6 Kd6 79. Be4 Ke5 80. Bc6 Kd4 81. Kh4 Bd2 82. Kh5 Ke5 83. Kh4 Kf4 84. Kh5 Kg3 85. Bd7 Bg5 86. Bc6 Kf4 87.
Bd7 Ke5 88. Bc6 Bf6 89. Kg4 Be7 90. Kh5 Bd6 91. Kxh6 Kd4 92. Kg6 Kc5 93. Kf6 Bc7 94. Ke6 Bg3 95. Kd7 Be1 96. Kc8 Ba5 97. Kb7 Bb4 98. Ka6 Ba5 99. Bb7 Bb4 100. Bc6 Ba5 101. Bb7 Bb4 102. Bc6 1/2-1/2

[Event "Early-Titled-Tuesday-Blitz-April-16-2024"]
[Site "Chess.com"]
[Date "2024.04.16"]
[Round "7"]
[White "dianamirza"]
[Black "Alenzer"]
[Result "1/2-1/2"]
[WhiteElo "1950"]
[BlackElo "2203"]
[TimeControl "180+1"]
[EndTime "9:22:16 PDT"]
[Termination "Game drawn - insufficient material"]

1. b4 e5 2. Bb2 d6 3. e3 Nf6 4. c4 Be7 5. d4 exd4 6. exd4 d5 7.
c5 O-O 8. Nf3 Bg4 9. Be2 Ne4 10.
O-O b6 11. h3 Bh5 12. g4 Bg6 13. Ne5 bxc5 14. Nxg6 fxg6 15. dxc5 Bh4 16. Bd4 Nc6 17. Be3 d4 18. Bc4+ Kh8 19. Qd3 dxe3 20. Qxe4 exf2+ 21. Kg2 Qe8 22. Bd5 Qxe4+ 23. Bxe4 Rf6 24. b5 Re8 25.
Bxc6 Re1 26. Nc3 Rfe6 27. Ne4 R1xe4 28. Bxe4 Rxe4 29. Rad1 h5 30. gxh5 gxh5 31. Rd7 Rb4 32. Rd8+ Kh7 33. Rb8 Ra4 34. Rb7 Rxa2 35. Rxc7 Ra3 36.
Rxf2 Bxf2 37. Kxf2 Rc3 38. c6 Rc5 39. Rxa7 Rxb5 40.
c7 Rc5 41. Kg3 Rc4 42. Kf3 Kh6 43. Ke3 g6 44. Kd3 Rc1 45. Kd4 Kg5 46. Kd5 Kh4 47. Kd6 Kxh3 48. Ra5 Rxc7 49. Kxc7 h4 50. Kd6 Kg3 51.
Ra3+ Kg2 52. Ra2+ Kg3 53. Ke5 h3 54. Kf6 h2 55. Ra1 Kg2 56. Ra2+ Kg1 57. Rxh2 Kxh2 58.
Kxg6 1/2-1/2

[Event "Early-Titled-Tuesday-Blitz-April-16-2024"]
[Site "Chess.com"]
[Date "2024.04.16"]
[Round "7"]
[White "Roosters19"]
[Black "Manukyan_Artak"]
[Result "0-1"]
[WhiteElo "2318"]
[BlackElo "2513"]
[TimeControl "180+1"]
[EndTime "9:22:17 PDT"]
[Termination "Manukyan_Artak won by checkmate"]

1. d4 d5 2. c4 dxc4 3. Nf3 Nf6 4. Nc3 Bf5 5. Ne5 Nbd7 6. Nxc4 Nb6 7. e3 e6 8. f3 Bb4 9. e4 Bg6 10. a3 Bxc3+ 11.
bxc3 O-O 12. Be3 Nfd7 13. Be2 Qe7 14. O-O c5 15. Nxb6 axb6 16. Qb3 e5 17. d5 Kh8 18. Bb5 f5 19. d6 Qd8 20. exf5 Bxf5 21. Rfd1 e4 22. f4 Nf6 23. h3 h5 24. Be2 Qe8 25.
Qxb6 Qg6 26. Kf1 Nd7 27. Qb2 Ne5 28. c4 Nd3 29. Bxd3 exd3 30. Bxc5 Be4 31. Rd2 Rxf4+ 32. Kg1 Rc8 33. Be3 Rf7 34. c5 b6 35. cxb6 Qxd6 36.
a4 Qg3 37. Bd4 Rc2 38. Qxc2 dxc2 39. a5 Bb7 40. Rc1 Qa3 41. Rcxc2 Qxa5 42. Kh2 Qf5 43. Rf2 Qd5 44. Rxf7 Qxf7 45. Be5 Qd5 46. Bg3 g5 47. h4 gxh4 48. Bxh4 Qe5+ 49. Bg3 Qe4 50. Rf2 h4 51. Bf4 Kg7 52. Kh3 Kg6 53. Kg4 Bc8+ 54. Kxh4 Qf5 55. Kg3 Qg4+ 56. Kh2 Qh5+ 57. Kg1 Qd1+ 58. Kh2 Bb7 59.
Kg3 Qd3+ 60. Kh2 Qe4 61. Bg3 Qb4 62. Rf4 Qxb6 63. Rg4+ Kf5 64. Rf4+ Ke6 65. Rh4 Qb1 66. Rf4 Kd5 67. Rf2 Ke4 68. Rf4+ Ke3 69. Rf2 Qd1 70.
Bh4 Qd5 71. Kg3 Qd6+ 72. Kh3 Bc8+ 73. g4 Qe6 74. Kg3 Qxg4+ 75. Kh2 Qxh4+ 76. Kg1 Qxf2+ 77. Kh1 Bb7# 0-1

[Event "Early-Titled-Tuesday-Blitz-April-16-2024"]
[Site "Chess.com"]
[Date "2024.04.16"]
[Round "7"]
[White "amintabatabaei"]
[Black "Seochesspie"]
[Result "1-0"]
[WhiteElo "3047"]
[BlackElo "2864"]
[TimeControl "180+1"]
[EndTime "9:22:18 PDT"]
[Termination "amintabatabaei won on time"]

1. Nf3 Nf6 2. b3 b5 3. g3 Bb7 4. e3 a6 5. Bg2 g6 6. Bb2 Bg7 7. c4 O-O 8. O-O c5 9. Qe2 bxc4 10. bxc4 d6 11. d4 cxd4 12. exd4 Nbd7 13. a4 Re8 14. Rd1 Qc7 15. Nbd2 e5 16. dxe5 dxe5 17. Nh4 e4 18. Nb3 Ne5 19. c5 Bd5 20. Rxd5 Nxd5 21. Qxe4 Nf6 22. Qc2 Rad8 23. Bc3 Nc6 24. Nf3 Nd5 25. Bxg7 Kxg7 26. Rc1 Ndb4 27. Qc4 Nd3 28.
Qc3+ Kg8 29. Rd1 Nde5 30. Nfd4 Nxd4 31. Nxd4 Ng4 32. h3 Nf6 33. c6 Nd5 34. Qc5 Ne7 35. Rb1 Rb8 36. Rc1 Red8 37. Re1 Re8 38. h4 h5 39. Qc4 Qb6 40. Be4 Kg7 41. Rb1 Qc7 42. Rc1 Qb6 43. Qc3 Kg8 44. Rb1 Qc7 45. Rd1 Rbd8 46. Rb1 Rb8 47. Rc1 Rbd8 48. Bg2 Qb6 49. Nb3 Nd5 50. Qc4 Nc7 51. a5 Qb5 52. Qxb5 axb5 53. Ra1 b4 54. a6 Rd3 55. Nc5 Ra3 56. Rb1 Ra5 57. Nd7 Kg7 58. Rxb4 Rxa6 59. Rb7 Ne6 60. Ne5 Nd8 61. Rb8 Rxe5 62. c7 1-0

[Event "Early-Titled-Tuesday-Blitz-April-16-2024"]
[Site "Chess.com"]
[Date "2024.04.16"]
[Round "7"]
[White "Daaksboy"]
[Black "Kotlyar_K"]
[Result "1-0"]
[WhiteElo "2352"]
[BlackElo "2681"]
[TimeControl "180+1"]
[EndTime "9:22:18 PDT"]
[Termination "Daaksboy won on time"]

1. d4 Nf6 2. c4 c5 3. d5 e6 4. Nc3 exd5 5. cxd5 d6 6. e4 g6 7. h3 Bg7 8. Nf3 O-O 9. Bd3 a6 10.
a4 Nbd7 11. O-O Qc7 12. Re1 Re8 13. Bf1 Rb8 14. Bf4 Nh5 15. Bh2 Ne5 16. Nd2 c4 17. Bxe5 Bxe5 18. Nxc4 Bf6 19. a5 Nf4 20. Qf3 Bg5 21.
Kh2 h5 22. g3 Nxh3 23. Nxd6 Qxd6 24. Bxh3 Bxh3 25. Kxh3 Kg7 26. Kg2 Rbc8 27. Qd3 Qb4 28. Re2 Bf6 29. Ra4 Qb3 30. Ra3 Qb4 31. f4 h4 32. e5 Bd8 33. Re4 Qxb2+ 34. Ne2 Rc2 35. Rb3 Qa2 36. e6 Rd2 37. Qf3 f5 38. Ree3 h3+ 39. Kh2 Bxa5 40. d6 Rc8 41. e7 Qa4 42. Ra3 Qb5 43. Rxa5 Qxa5 44. e8=Q Rxe8 45. Rxe8 Qb5 46.
Re7+ Kh6 47. Qe3 Qd5 48. d7 Qd6 49. Qf3 Qd5 50. Qxd5 Rxd5 51. Rf7 1-0

[Event "Early-Titled-Tuesday-Blitz-April-16-2024"]
[Site "Chess.com"]
[Date "2024.04.16"]
[Round "7"]
[White "viditchess"]
[Black "Zhigalko_Sergei"]
[Result "1/2-1/2"]
[WhiteElo "3144"]
[BlackElo "2936"]
[TimeControl "180+1"]
[EndTime "9:22:19 PDT"]
[Termination "Game drawn by repetition"]

1. d4 Nf6 2. Nf3 e6 3. c4 b6 4.
g3 Ba6 5. b3 Bb4+ 6. Bd2 Be7 7.
Nc3 O-O 8. Bg2 c6 9. e4 d5 10. exd5 cxd5 11. Ne5 Bb7 12. O-O Nc6 13. Bf4 Rc8 14.
Rc1 Ba3 15. Rc2 a6 16. Bg5 Be7 17. Ne2 h6 18. Be3 Bd6 19. Nd3 Nb4 20. Nxb4 Bxb4 21. Nf4 Qe7 22. Nd3 Ba3 23. Re1 dxc4 24. bxc4 Bxg2 25.
Kxg2 b5 26. c5 Nd5 27. Qf3 Rfd8 28. Nf4 Bb4 29. Nxd5 Rxd5 30. Rb1 Ba5 31. a4 bxa4 32. Ra2 Qd7 33. Ra3 Bd8 34. Rba1 Bf6 35. Rxa4 Bxd4 36. Bxd4 Rxd4 37. Rxa6 Rxc5 38. Ra8+ Kh7 39. Rf8 f5 40.
Raa8 Qd5 41. Qxd5 Rcxd5 42. Rh8+ Kg6 43. Ra6 Rd6 44. Rxd6 Rxd6 45. h4 Kf7 46. Ra8 e5 47. Ra7+ Kf6 48. Rb7 Re6 49. Rc7 Re7 50. Rc6+ Re6 51.
Rc7 Re7 52. Rc6+ Kf7 53. Rb6 g6 54. h5 Re6 55. hxg6+ Rxg6 56. Rb7+ Kf6 57. Rc7 Rg7 58. Rc6+ Kg5 59. Re6 e4 60. Kh3 Rf7 61. Kg2 Rf6 62. Re8 f4 63. Rxe4 fxg3 64. fxg3 h5 65. Kh3 Rf5 66.
Rd4 Re5 67. Rf4 Rd5 68. Re4 Rc5 69. Rf4 Rb5 70. Rf3 Rc5 71. Rf4 Rd5 72. Rf3 Rc5 73. Rf4 1/2-1/2

[Event "Early-Titled-Tuesday-Blitz-April-16-2024"]
[Site "Chess.com"]
[Date "2024.04.16"]
[Round "7"]
[White "Matibar"]
[Black "tetrix83"]
[Result "0-1"]
[WhiteElo "2815"]
[BlackElo "2635"]
[TimeControl "180+1"]
[EndTime "9:22:21 PDT"]
[Termination "tetrix83 won by resignation"]

1. e4 c5 2. Nf3 Nc6 3. Bc4 d6 4. O-O Nf6 5. Re1 Bg4 6. c3 e6 7. Bb5 a6 8. Bxc6+ bxc6 9. d4 cxd4 10. cxd4 Be7 11. Nc3 O-O 12. Be3 d5 13. h3 Bh5 14.
exd5 cxd5 15. g4 Bg6 16. Ne5 Bd6 17. Nxg6 hxg6 18. Rc1 Rb8 19. Rc2 Qa5 20. Qd3 Bb4 21.
Rec1 Bxc3 22. bxc3 Rfc8 23. c4 dxc4 24. Rxc4 Rxc4 25. Qxc4 Nd5 26. Qe2 Qa3 27. Rc2 a5 28. Kg2 a4 29. Qf3 Qd3 30. Qe2 Qe4+ 31. Kg3 Rb1 32.
Rc8+ Kh7 33. Qc2 Rg1+ 34. Kh4 Qxc2 35. Rxc2 f6 36. Bd2 g5+ 37. Bxg5 fxg5+ 38. Kxg5 Rd1 39. Rc4 a3 40. Ra4 Rd2 41. Rxa3 Rxf2 42. Ra6 Re2 43. a4 Re4 44. a5 Rxd4 45. Rxe6 Ra4 46. Re5 Nf6 47.
Rb5 Ne4+ 48. Kh5 Ra3 49. h4 Nf6+ 50. Kg5 Ra4 51. Kf5 Nxg4 52. Ke6 Nf6 53. h5 Ne4 54. Re5 Nd2 55. Kf7 Rf4+ 56. Ke8 Rf6 57. Rb5 Ra6 58. Rc5 Nb3 59. Rc3 Nxa5 60. Ra3 Ra7 61. Kf8 Nc6 62. Rc3 Ne5 63. Re3 Ng4 64. Rf3 Ra8+ 65. Kf7 Ne5+ 0-1

[Event "Early-Titled-Tuesday-Blitz-April-16-2024"]
[Site "Chess.com"]
[Date "2024.04.16"]
[Round "7"]
[White "Chessbard1972"]
[Black "jaskol95"]
[Result "0-1"]
[WhiteElo "2358"]
[BlackElo "2544"]
[TimeControl "180+1"]
[EndTime "9:22:21 PDT"]
[Termination "jaskol95 won on time"]

1. d4 d5 2. c4 c6 3. Nf3 Nf6 4. Nc3 a6 5. c5 Bf5 6. Bf4 e6 7.
h3 h6 8. e3 Nbd7 9. Be2 Be7 10.
b4 O-O 11. O-O Ne4 12. Qc1 Re8 13. a4 Bf6 14. Nxe4 Bxe4 15. Nd2 e5 16. Nxe4 dxe4 17. dxe5 Nxe5 18. Ra2 Nd3 19. Bxd3 Qxd3 20. Rd1 Qb3 21. Qb1 Qxb1 22. Rxb1 Red8 23. Bd6 b5 24. Rb3 Ra7 25.
axb5 cxb5 26. Rba3 Rda8 27. c6 Rd8 28. c7 Rc8 29.
Rxa6 Raxc7 30. Bxc7 Rxc7 31. Rb6 Be5 32. g3 h5 33. h4 f6 34. Rxb5 Kh7 35. Rc5 Rd7 36. b5 Kg6 37. b6 Rd1+ 38. Kg2 Rb1 39. Ra6 Kf5 40. Rc4 Rb5 41. Raa4 Rxb6 42. Rxe4 Rb2 43. Rec4 Kg6 44. Ra7 f5 45. Rc6+ Bf6 46. Ra5 f4 47.
gxf4 Kh6 48. Raa6 Kg6 49. e4 Kf7 50. Ra7+ Kg8 51. e5 Bxh4 52. Kf3 Bxf2 53. Ke4 Bxa7 54. e6 Re2+ 55. Kf5 h4 56. Rc8+ Kh7 57. Rc7 Bb6 58. Rb7 Bc5 59. Rc7 Bd6 60. Rd7 Ba3 61. Ra7 Re3 62. Kg4 Kg6 63. f5+ Kf6 64. Rf7+ Ke5 0-1

[Event "Early-Titled-Tuesday-Blitz-April-16-2024"]
[Site "Chess.com"]
[Date "2024.04.16"]
[Round "7"]
[White "MdSharifHossain"]
[Black "stratacticos"]
[Result "1/2-1/2"]
[WhiteElo "2273"]
[BlackElo "1884"]
[TimeControl "180+1"]
[EndTime "9:22:21 PDT"]
[Termination "Game drawn - insufficient material"]

1. e4 c5 2. Nf3 Nc6 3. Bb5 Na5 4. O-O a6 5. Be2 Nc6 6. c3 Nf6 7. e5 Nd5 8. d4 cxd4 9. cxd4 g6 10. Nc3 Nxc3 11.
bxc3 Bg7 12. a4 O-O 13. Rb1 d6 14. Bf4 dxe5 15. Nxe5 Nxe5 16. Bxe5 Bxe5 17. dxe5 Qc7 18. Qd4 Rd8 19. Qe3 Be6 20. Bf3 Bd5 21. h3 Rab8 22.
Rfe1 Bxf3 23. Qxf3 b5 24. axb5 Rxb5 25. Rxb5 axb5 26. g3 Qd7 27. Re3 Qxh3 28. e6 f5 29. Re1 Qg4 30. Qxg4 fxg4 31. Re5 Rd3 32. Rc5 Rd6 33.
Re5 Kg7 34. Kf1 Kf6 35. Rxb5 Rxe6 36. Rc5 h5 37. Rc8 g5 38. Rh8 Kg6 39. Rg8+ Kf6 40. Rh8 Kg6 41. Rg8+ Kf6 42. Rc8 h4 43. gxh4 gxh4 44.
c4 h3 45. Kg1 Re2 46. c5 h2+ 47. Kxh2 Rxf2+ 48. Kg3 Rc2 49. Kxg4 Ke6 50. Kf4 Kd5 51.
Re8 Rxc5 52. Rxe7 Rc4+ 53. Kf5 Kd6 54. Re6+ Kd7 55. Re5 Kd6 56. Re6+ Kd7 57. Re4 Rxe4 58. Kxe4 1/2-1/2

[Event "Early-Titled-Tuesday-Blitz-April-16-2024"]
[Site "Chess.com"]
[Date "2024.04.16"]
[Round "7"]
[White "MrVenky"]
[Black "albi1999"]
[Result "0-1"]
[WhiteElo "2529"]
[BlackElo "2647"]
[TimeControl "180+1"]
[EndTime "9:22:25 PDT"]
[Termination "albi1999 won by resignation"]

1. e4 c5 2. Nc3 a6 3. g3 b5 4.
Bg2 Bb7 5. Nge2 g6 6. d4 cxd4 7. Nxd4 Bg7 8. O-O d6 9. a4 bxa4 10. Nxa4 Nd7 11. Be3 Qc7 12. Ra3 Rc8 13. Rc3 Qb8 14.
Rxc8+ Qxc8 15. Bh3 Qc7 16. Bxd7+ Qxd7 17. Nb6 Qd8 18.
Nb3 Nf6 19. e5 Ne4 20. Na5 Qc7 21. exd6 Nxd6 22. Nxb7 Qxb7 23. c4 O-O 24. c5 Nc8 25. b4 Nxb6 26. cxb6 Be5 27. Qa4 Rd8 28. Qa5 Bd4 29. Rd1 e5 30. Bxd4 exd4 31. Qc5 d3 32. Qc7 Qxc7 33. bxc7 Rc8 34. Rxd3 Rxc7 35. Rd6 Rc1+ 36. Kg2 Rb1 37. Rxa6 Rxb4 38. h4 h5 39. Ra5 Kg7 40. Re5 Rb3 41. Kf1 Rb1+ 42. Ke2 Rb2+ 43. Kf3 Rb3+ 44. Re3 Rb6 45. Kf4 Rf6+ 46. Ke4 Rxf2 47.
Rf3 Rxf3 48. Kxf3 f6 49. Kf4 Kf7 50. Ke4 Ke7 51. Kf4 Kd6 52. Ke4 Ke6 53. Kf4 Kd5 54.
g4 hxg4 55. Kxg4 Ke4 56. Kg3 Ke3 57. Kg4 Ke4 58. Kg3 f5 59. Kg2 Kf4 60. Kh3 Kf3 61.
h5 gxh5 62. Kh4 f4 63. Kxh5 Kg3 0-1

[Event "Early-Titled-Tuesday-Blitz-April-16-2024"]
[Site "Chess.com"]
[Date "2024.04.16"]
[Round "7"]
[White "Lily_Schirmbeck"]
[Black "emeli_chess"]
[Result "0-1"]
[WhiteElo "1562"]
[BlackElo "2462"]
[TimeControl "180+1"]
[EndTime "9:22:25 PDT"]
[Termination "emeli_chess won by resignation"]

1. d4 Nf6 2. Bf4 d5 3. Nf3 c5 4. c3 Qb6 5. Qb3 c4 6. Qxb6 axb6 7. Nbd2 b5 8. e3 Bf5 9. b3 Nbd7 10. bxc4 bxc4 11.
h3 h6 12. g4 Bc2 13. Be2 e6 14. Ne5 Nxe5 15. Bxe5 Nd7 16. Bg3 Be7 17. f3 O-O 18. e4 Ra3 19. Nb1 Bxb1 20. Rxb1 Rxa2 21. Rxb7 Ra1+ 22.
Bd1 Rd8 23. O-O Bf8 24. exd5 exd5 25. Bc7 Re8 26. Bf4 Nf6 27. Be5 Nh7 28. Rd7 Ng5 29. Kg2 f6 30. Bg3 Ra2+ 31. Rf2 Ra5 32. h4 Nf7 33. Re2 Rxe2+ 34. Bxe2 Ba3 35. Be1 Kf8 36. Kf2 Ke8 37. Rb7 Bd6 38. Ke3 Ra8 39. Rb5 Rd8 40.
Kf2 Bf4 41. Bd1 Ke7 42. Ke2 Ke6 43. Bd2 Bxd2 44. Kxd2 Nd6 45. Rb6 Ra8 46. Ke3 Ra2 47. Be2 Kd7 48. h5 f5 49. Rb1 f4+ 50. Kf2 Ne8 51.
Rb7+ Nc7 52. Ke1 Rc2 53. Rb8 Rxc3 54. Rg8 Ne6 55. Kd2 Re3 56. Ra8 Nxd4 57. Ra7+ Kd6 58. Ra6+ Kc5 59. Bd1 Rd3+ 60. Kc1 Nxf3 61. Bxf3 Rxf3 62.
Ra5+ Kd4 63. Ra2 c3 64. Re2 Kd3 65. Re1 Rf2 66. Rd1+ Kc4 67. Re1 d4 68. Re7 Kd3 0-1